 Dungeon Crawl Stone Soup version 0.30-a0-989-g0d87f670db (webtiles) character file.

Game seed: 5934840134281213032

434 2tousent the Sneak (level 7, -21/32 HPs)
             Began as a Vine Stalker Enchanter on Apr 3, 2023.
             Was a Follower of Uskayaw.
             Demolished by an ogre
             ... wielding a +0 giant club
              (23 damage)
             ... on level 4 of the Dungeon.
             The game lasted 00:04:39 (2439 turns).

2tousent the Sneak (Vine Stalker Enchanter)         Turns: 2439, Time: 00:04:40

Health: -21/32     AC:  3    Str: 10    XL:     7   Next: 0%
Magic:  0/11       EV: 13    Int: 15    God:    Uskayaw [*.....]
Gold:   185        SH:  0    Dex: 17    Spells: 5/10 levels left

rFire   . . .      SeeInvis .    q - +2 dagger (venom)
rCold   . . .      Faith    .    (no shield)
rNeg    . . .      Spirit   +    b - +0 robe
rPois   .          Reflect  .    l - +0 hat
rElec   .          Rampage  .    g - +0 cloak
rCorr   .                        (no gloves)
Will    .....                    (no boots)
Stlth   +++                      f - amulet of magic regeneration
HPRegen 1.05/turn                (no ring)
MPRegen 0.52/turn                (no ring)

@: invisible
A: fangs 2, regeneration 1, magic shield, antimagic bite, no potion heal 2
a: Renounce Religion, Stomp


You were on level 4 of the Dungeon.
You worshipped Uskayaw.
Uskayaw was noncommittal.
You visited 1 branch of the dungeon, and saw 4 of its levels.

You collected 185 gold pieces.

Inventory:

Hand Weapons
 a - a +1 dagger
 q - a +2 dagger of venom (weapon)
Missiles
 o - a throwing net (quivered)
Armour
 b - a +0 robe (worn)
 g - a +0 cloak (worn)
 l - a +0 hat (worn)
Jewellery
 f - an amulet of magic regeneration (around neck)
 m - an amulet of faith
Wands
 t - a wand of polymorph (6)
Scrolls
 j - a scroll of noise
 n - 2 scrolls of blinking
Potions
 c - a potion of invisibility
 d - a potion of flight
 i - a potion of lignification
 k - a potion of might
 p - a potion of attraction {unknown}
 r - a potion of haste {unknown}
 s - 2 potions of heal wounds {unknown}
 w - a potion of ambrosia {unknown}


   Skills:
 * Level 3.8 Short Blades
 * Level 3.3 Dodging
 + Level 5.3 Stealth
 - Level 2.1 Spellcasting
 + Level 4.2 Hexes


You had 5 spell levels left.
You knew the following spells:

 Your Spells              Type           Power      Damage    Failure   Level
a - Ensorcelled Hibernat  Hex/Ice        14%        N/A       14%         2
b - Confusing Touch       Hex            14%        N/A       12%         3

Your spell library contained the following spells:

 Spells                   Type           Power      Damage    Failure   Level
 Tukima's Dance           Hex            14%        N/A       12%         3
 Dazzling Flash           Conj/Hex       14%        N/A       28%         3
 Cigotuvi's Dreadful Rot  Necr/Pois/Air  2%         N/A       32%         2
 Poisonous Vapours        Pois/Air       2%         N/A       32%         2
 Mephitic Cloud           Conj/Pois/Air  1%         N/A       54%         3


Dungeon Overview and Level Annotations

Branches:
Dungeon (4/15)
 Temple: D:4-7

Altars:
Gozag
Uskayaw

Shops:
D:3 *


Innate Abilities, Weirdness & Mutations

You have extremely sharp teeth.
Your natural rate of healing is unusually fast.
When hurt, damage is shared between your health and your magic reserves.
Your bite disrupts and absorbs the magic of your enemies.
Potions cannot restore your health.


Message History

Uskayaw prepares the audience for your solo!
The ogre is no longer paralysed.
The helpless orc fails to defend itself.
You impale the orc!!
You kill the orc!
The orc is no longer paralysed. x2
The ogre hits you with a +0 giant club!!
Ouch! That really hurt!
Things that are here:
a +0 trident; an orc corpse You are too injured to fight recklessly!
You are too injured to fight recklessly!
You are too injured to fight recklessly!
You are too injured to fight recklessly!
Unknown command.
The ogre attacks as you move away! The ogre closely misses you.
You are no longer corroded.
The orc hits you with a +2 heavy hand axe.
The orc attacks as you move away! The orc closely misses you.
You can no longer pass through a line of other dancers.
There is a stone staircase leading up here.
The orc attacks as you move away! The orc barely misses you.
The ogre barely misses you.
There is a stone staircase leading up here.
You barely miss the ogre. You bite the ogre, but do no damage.
The giant cockroach barely misses you.
You hit the ogre.
The ogre is poisoned.
You bite the ogre. You drain its power.
You feel invigorated.
The ogre is moderately wounded.
The ogre hits you with a +0 giant club!!
* * * LOW HITPOINT WARNING * * *
The orc hits you with a +2 heavy hand axe!
* * * LOW HITPOINT WARNING * * *
The giant cockroach barely misses you. The orc hits you with a +0 hand axe.
* * * LOW HITPOINT WARNING * * *
You fade into invisibility!
The giant cockroach closely misses you.
The ogre hits you with a +0 giant club!!
Ouch! That really hurt!
You die...

....####).!.#
#.........###
..........#
###......# .J
##.....#####....
#.....#......#
#...J†#)#
#..OBo..#
#..o@.###
##..### #..##
###


You could see an ogre (unable to see you, very poisoned), 2 orcs, an endoplasm
and a giant cockroach (unable to see you).

Vanquished Creatures
  A jelly (D:4)
  3 orc priests (D:3)
  Crazy Yiuf (D:3)
  A hound (D:4)
  Natasha (thrice) (D:2)
  2 orc wizards (D:3)
  5 adders
  2 dart slugs
  A worm (D:3)
  7 orcs
  12 endoplasms
  3 giant cockroaches
  7 goblins
  7 hobgoblins
  3 jackals (D:1)
  2 kobolds
  2 quokkas
  2 ball pythons (D:3)
  5 bats
  2 frilled lizards
  8 rats
79 creatures vanquished.

Notes
Turn   | Place    | Note
-------+----------+-------------------------------------------
     0 | D:1      | 2tousent the Vine Stalker Enchanter began the quest for the
                  | Orb.
     0 | D:1      | Reached XP level 1. HP: 9/9 MP: 4/4
   138 | D:1      | Reached skill level 1 in Short Blades
   176 | D:1      | Reached XP level 2. HP: 13/13 MP: 6/6
   789 | D:1      | Reached skill level 4 in Stealth
   789 | D:1      | Reached XP level 3. HP: 16/16 MP: 7/7
  1312 | D:2      | Noticed Natasha
  1325 | D:2      | Killed Natasha
  1326 | D:2      | Gained mutation: Your natural rate of healing is unusually
                  | fast. [Vine Stalker growth]
  1326 | D:2      | Reached XP level 4. HP: 2/21 MP: 1/8
  1555 | D:2      | Noticed Natasha
  1567 | D:2      | Killed Natasha
  1571 | D:2      | Learned a level 2 spell: Ensorcelled Hibernation
  1575 | D:2      | Learned a level 3 spell: Confusing Touch
  1765 | D:3      | Reached XP level 5. HP: 24/24 MP: 9/9
  1784 | D:2      | Noticed Natasha
  1797 | D:2      | Killed Natasha
  1885 | D:3      | Reached XP level 6. HP: 11/28 MP: 6/10
  1893 | D:3      | HP: 1/28 [poisoned by an adder]
  1897 | D:3      | Reached skill level 5 in Stealth
  1925 | D:3      | Found a hide-covered altar of Uskayaw.
  1928 | D:3      | Noticed a +0 hand axe
  1930 | D:3      | Noticed a +0 hand axe
  1936 | D:3      | Became a worshipper of Uskayaw the Reveller
  2023 | D:3      | Reached * piety under Uskayaw
  2040 | D:3      | Found Gozag's Platinum Reserve.
  2105 | D:3      | Found an opulent altar of Gozag.
  2179 | D:3      | Reached ** piety under Uskayaw
  2324 | D:3      | Found a runed translucent door.
  2325 | D:3      | Noticed Crazy Yiuf
  2332 | D:3      | Killed Crazy Yiuf
  2415 | D:4      | Reached *** piety under Uskayaw
  2417 | D:4      | Reached XP level 7. HP: 21/32 MP: 11/11
  2438 | D:4      | HP: 1/32 [orc/+0 hand axe (3)]
  2439 | D:4      | Demolished by an ogre

Illustrated notes

Levels and vault maps discovered:
D:1:      wander_arrival_peaceful_grave, layout_basic
D:2:      layout_rooms, uniq_natasha
D:3:      layout_rooms, nicolae_gozag_zags_fifth_avenue,
          dancing_weapons_uskayaw, uniq_crazy_yiuf_cottage
D:4:      layout_rooms, nicolae_overflow_hidden_temple,
          minmay_temple_entry_mist, kennysheep_flooded_box

Skill      XL: |  1  2  3  4  5  6 |
---------------+-------------------+-----
Short Blades   | 1 2 3 |  3.8
Stealth        | 4 5 |  5.3
Dodging        | 2 3 |  3.3
Hexes          | 4 |  4.2
Spellcasting   | |  2.1

Action                     |  1- 3 |  4- 6 |  7- 9 || total
---------------------------+-------+-------+-------++-------
  Melee: Dagger            |    85 |   119 |     3 ||   207
         Bite              |    14 |    32 |     2 ||    48
         Punch             |       |     1 |       ||     1
    Use: Scroll            |     2 |     4 |     1 ||     7
         Potion            |       |     3 |     1 ||     4
   Stab: Sleeping          |    13 |     6 |       ||    19
         Paralysed         |       |     1 |     1 ||     2
 Armour: Robe              |    11 |    13 |       ||    24
         Skin              |       |     4 |       ||     4
  Dodge: Dodged            |    29 |    69 |     7 ||   105

Table legend: (Time is in decaauts)
 A = Elapsed time spent in this place.
 B = Non-inter-level travel time spent in this place.
 C = Inter-level travel time spent in this place.
 D = Time resting spent in this place.
 E = Time spent auto-exploring this place.
 F = Levels seen in this place.
 G = Mean time per level.
                   A        B        C        D        E       F      G
               +--------+--------+--------+--------+--------+-----+--------+
         Total |   2413 |   2293 |    120 |     21 |   1711 |   4 |  603.2 |
       Dungeon |   2413 |   2293 |    120 |     21 |   1711 |   4 |  603.2 |
               +--------+--------+--------+--------+--------+-----+--------+

Top non-repeatable levels by time:
     D:1: 1110 daAuts
     D:2: 683 daAuts
     D:3: 554 daAuts
     D:4: 65 daAuts
